AoeStats
← ivcrk826

MegaRandom

505409375Analyzed
1v1 RM · 23d ago on Sep 9, 2026· 34m 24s· 2 players
Game mode
Random Map
Map size
Tiny (2 player)
Population
200
Speed
Normal
Resources
Standard
Victory
Conquest
Starting age
Dark Age
Ending age
Imperial Age
RankedLock teamsTeams togetherTeam positionsShared explorationLock speedFull tech treeHidden civsTurbo modeCheats
Victory
Defeat
🇦🇷 Wu · Argentina
1187
+16
🇫🇮 Japanese · Finland
1190
-16
ivcrk826
7:25 Loom
10:42 Feudal Age
13:39 Double-Bit Axe
14:14 Forging
22:28 Castle Age
20:55 Fletching
21:59 Bloodlines
22:51 Scale Barding Armor
29:28 Chain Barding Armor
31:08 Elite Skirmisher
Riski
13:03 Feudal Age
13:15 Loom
14:04 Double-Bit Axe
16:45 Castle Age
14:39 Horse Collar
18:17 Bow Saw
22:51 Fletching
26:09 Bodkin Arrow
27:02 Wheelbarrow
29:48 Hand Cart
29:18 Town Watch
35:49 Imperial Age
33:28 Husbandry
33:38 Bloodlines
33:49 Padded Archer Armor
35:02 Thumb Ring
Connection lost

Rejoining the realm…

Still unreachable

The connection could not be restored.

Session expired

The server has moved on; the page needs a fresh start.